 Dungeon Crawl Stone Soup version 0.19.1 (webtiles) character file.

126 empire the Magician (level 4, -1/30 HPs)
             Began as a Mummy Wizard on Dec 19, 2016.
             Was an Initiate of Sif Muna.
             Killed by divine providence
             ... invoked by an orc priest
              (13 damage)
             ... on level 3 of the Dungeon on Dec 20, 2016.
             The game lasted 00:10:03 (3599 turns).

empire the Magician (Mummy Wizard)                  Turns: 3599, Time: 00:10:03

Health: -1/30      AC:  4    Str: 10    XL:     4   Next: 84%
Magic:  2/8        EV: 12    Int: 18    God:    Sif Muna [......]
Gold:   83         SH:  0    Dex: 10    Spells: 4 memorised, 2 levels left

rFire  x . .     SeeInvis .     a - +2 dagger (freeze)
rCold  + . .     Gourm    .     Y - +0 robe
rNeg   + + +     Faith    .     (no shield)
rPois  ∞         Spirit   .     Z - +0 hat
rElec  .         Reflect  .     g - +0 cloak
rCorr  +         Harm     .     X - +0 pair of gloves
MR     .....                    (no boots)
Stlth  ++........               (no amulet)
                                (no ring)
                                i - ring of resist corrosion

@: very slightly contaminated
A: no food or potions, fire vulnerability, cold resistance 1, negative energy
resistance 3, torment resistance, unbreathing
a: Renounce Religion


You were on level 3 of the Dungeon.
You worshipped Sif Muna.
Sif Muna was noncommittal.
You were not hungry.

You visited 1 branch of the dungeon, and saw 3 of its levels.

You collected 83 gold pieces.

Inventory:

Hand Weapons
 a - a +2 dagger of freezing (weapon)
 b - a +1 spear of venom
 f - a +0 short sword
Armour
 g - a +0 cloak (worn)
 X - a +0 pair of gloves (worn)
 Y - a +0 robe (worn)
 Z - a +0 hat (worn)
Jewellery
 i - a ring of resist corrosion (left hand)
Scrolls
 d - 3 scrolls of identify {unknown}
 e - a scroll of remove curse {unknown}
 h - 3 scrolls of recharging {unknown}
 j - a scroll of teleportation {unknown}
 k - a scroll of blinking {unknown}
Books
 c - a book of Minor Magic

   Spells                             Type                      Level
   a - Magic Dart                     Conjuration                  1
   b - Blink                          Translocation                2
   c - Call Imp                       Summoning                    2
   d - Repel Missiles                 Charms/Air                   2
   e - Slow                           Hexes                        2
   f - Conjure Flame                  Conjuration/Fire             3
   g - Mephitic Cloud                 Conjuration/Poison/Air       3


   Skills:
 - Level 1.5 Dodging
 - Level 1.5 Stealth
 - Level 3.1 Spellcasting
 - Level 3.0 Conjurations
 - Level 2.0 Hexes
 + Level 1.0 Summonings
   Level 0.7 Translocations


You had 2 spell levels left.
You knew the following spells:

 Your Spells              Type           Power        Failure   Level  Hunger
a - Magic Dart            Conj           ##..         6%          1    N/A
b - Call Imp              Summ           #.......     17%         2    N/A
c - Repel Missiles        Chrm/Air       #.....       28%         2    N/A
d - Slow                  Hex            ##......     12%         2    N/A

Dungeon Overview and Level Annotations

Branches:
Dungeon (3/15)

Altars:
Elyvilon
Sif Muna


Innate Abilities, Weirdness & Mutations

You do not eat or drink.
Your flesh is vulnerable to fire.
You are immune to poison.
Your flesh is cold resistant. (rC+)
You are immune to negative energy. (rN+++)
You are immune to unholy pain and torment.
You can survive without breathing.


Message History

The puff of frost hits the orc priest.
Casting: Call Imp
Confirm with . or Enter, or press ? or * to list all spells.
Aiming: Magic Dart
Press: ? - help, Shift-Dir - straight line, f - orc, p - orc priest
Aim: an orc, wielding a club and wearing a leather armour The magic dart hits the orc.
The orc is moderately wounded.
The orc misses you.
You barely miss the orc.
The orc is lightly wounded.
The orc priest invokes the aid of Beogh against you.
Beogh smites you! The orc closely misses you.
You see here a flail.
There is an open door here.
Your white imp hits the orc priest but does no damage.
The orc barely misses your white imp.
The orc priest invokes the aid of Beogh against you.
Beogh smites you!
You die...

####### #.....# #.....#
#.....# #.....#
######.oo..######>.
#...@')o5oo'.......
#####.####.....#......o
#<......##.....'.......
#####.#.##.....#.......
#.#.####+###....... #.#
# ....... #.# .......
#.# ##..#+# #.#


You could see 2 orc priests, 3 orcs and a friendly white imp.

Vanquished Creatures
  Crazy Yiuf (D:2)
  3 adders (D:2)
  2 worms (D:2)
  5 dart slugs
  4 leopard geckos
  An orc (D:3)
  A ball python (D:1)
  11 bats
  3 giant cockroaches
  6 goblins
  10 hobgoblins
  A quokka (D:2)
  8 kobolds
  5 rats (D:2)
61 creatures vanquished.

Vanquished Creatures (collateral kills)
  A worm (D:2)
1 creature vanquished.

Grand Total: 62 creatures vanquished

Notes
Turn   | Place    | Note
-------+----------+-------------------------------------------
     0 | D:1      | empire the Mummy Wizard began the quest for the Orb.
     0 | D:1      | Reached XP level 1. HP: 13/13 MP: 4/4
    52 | D:1      | Reached skill level 1 in Conjurations
   382 | D:1      | Reached XP level 2. HP: 6/19 MP: 0/6
   605 | D:1      | You fall through a shaft!
  1299 | D:1      | Reached XP level 3. HP: 19/24 MP: 5/7
  1324 | D:1      | Learned a level 2 spell: Call Imp
  1327 | D:1      | Learned a level 2 spell: Repel Missiles
  1330 | D:1      | Learned a level 2 spell: Slow
  1816 | D:2      | Found a deep blue altar of Sif Muna.
  1871 | D:2      | Became a worshipper of Sif Muna the Loreminder
  2114 | D:2      | HP: 1/24 [worm (7)]
  2430 | D:2      | Reached XP level 4. HP: 23/30 MP: 1/8
  2536 | D:2      | Found a white marble altar of Elyvilon.
  2634 | D:2      | Found a runed door.
  2812 | D:2      | Noticed Crazy Yiuf
  2831 | D:2      | Killed Crazy Yiuf
  2831 | D:2      | Reached skill level 1 in Hexes
  3405 | D:2      | Reached skill level 1 in Summonings
  3599 | D:3      | Killed from afar by an orc priest

Skill      XL: |  1  2  3  4 |
---------------+-------------+-----
Conjurations   | 1 2 3 |  3.0
Hexes          | 2 |  2.0
Summonings     | 1 |  1.0
Dodging        | |  1.5
Stealth        | |  1.5
Spellcasting   | |  3.1
Translocations | |  0.7

Action                   |  1- 3 |  4- 6 || total
-------------------------+-------+-------++-------
Melee: Dagger            |    77 |    23 ||   100
       Unarmed           |     1 |       ||     1
       Short sword       |    18 |       ||    18
 Cast: Magic Dart        |    81 |    41 ||   122
       Call Imp          |       |     8 ||     8
 Stab: Sleeping          |     1 |     1 ||     2
Armor: Robe              |    38 |     8 ||    46
Dodge: Dodged            |    84 |    36 ||   120
